 Dungeon Crawl Stone Soup version 0.31.0-9-g3a7656b989 (webtiles) character file.

Game seed: 1660185520862929214

378420 browni3141 the Elf of Death (level 20, -2/120 HPs)
             Began as a Deep Elf Gladiator on Jan 24, 2024.
             Was the Champion of Jiyva.
             Slain by a green draconian monk (27 damage)
             ... led by a purple draconian shifter
             ... on level 1 of the Realm of Zot.
             The game lasted 03:06:23 (28717 turns).

browni3141 the Elf of Death (Deep Elf Gladiator)   Turns: 28717, Time: 03:06:24

Health: -2/120     AC: 27    Str: 10 (11) XL:     20   Next: 64%
Magic:  47/53      EV: 28    Int: 29 (30) God:    Jiyva [******]
Gold:   787        SH: 14    Dex: 28      Spells: 12/56 levels left

rFire   + + .        a - +5 long sword "Zaudghen" {flame, Int+7 Dex+4}
rCold   + . .        o - +0 kite shield {reflect}
rNeg    + . .        Q - +6 faerie dragon scales {rCorr Dex+2}
rPois   +            (helmet restricted)
rElec   .            S - +1 cloak {rC+}
rCorr   +            B - +3 pair of gloves "Fuwoss" {*Corrode rF++}
SInv    +            D - +2 pair of boots {Stlth+}
Will    +....        E - macabre finger necklace {Finger+ rN+}
Stlth   +++++++      r - ring "Civovarph" {rPois Will- Dex+6 SInv}
HPRegen 1.60/turn    A - ring of magical power
MPRegen 1.13/turn    j - +5 ring of evasion

%: corrode self (3%), reflection
@: on berserk cooldown, inhibited regen, slowed, very slow
A: antennae 1, claws 1, iridescent scales 1, shaggy fur 2, inhibited
regeneration, wild magic 1, acidic bite, gelatinous body 2, translucent skin 1,
jelly sensing items, inability to drink after injury 1, MP-powered wands
}: 3/15 runes: decaying, slimy, gossamer
a: Renounce Religion, Oozemancy, Slimify


You were on level 1 of the Realm of Zot.
You worshipped Jiyva.
Jiyva was exalted by your worship.
You visited 9 branches of the dungeon, and saw 45 of its levels.
You visited the Abyss 1 time.
You also visited: Bailey and Ice Cave.

You collected 2964 gold pieces.
You spent 2177 gold pieces at shops.

Inventory:

Hand Weapons
 a - the +5 long sword "Zaudghen" (weapon) {flame, Int+7 Dex+4}
   (You took it off an orc wizard on level 8 of the Dungeon)

   Int+7:     It affects your intelligence (+7).
   Dex+4:     It affects your dexterity (+4).
 b - the +6 long sword of Reinforcement {freeze, *Rage rElec rCorr SInv}
   (You found it on level 2 of the Spider Nest)

   rElec:     It insulates you from electricity.
   SInv:      It lets you see invisible.
   *Rage:     It berserks you when you make melee attacks (+20% chance).
   rCorr:     It protects you from acid and corrosion.
 g - a +2 demon blade of freezing
Missiles
 J - 4 curare-tipped darts
 W - 4 javelins
 Z - 5 throwing nets
Armour
 l - a +0 cloak
 o - a +0 kite shield of reflection (worn)
 v - an orb of light
 x - a +1 hat of intelligence
 y - a +1 hat of see invisible
 B - the +3 pair of gloves "Fuwoss" (worn) {*Corrode rF++}
   (You found it on level 5 of the Pits of Slime)

   rF++:      It greatly protects you from fire.
   *Corrode:  It may corrode you when you take damage.
 D - a +2 pair of boots of stealth (worn)
 Q - the +6 faerie dragon scales (worn) {rCorr Dex+2}
   (You took it off the Enchantress on level 1 of the Depths)

   Dex+2:     It affects your dexterity (+2).
   rCorr:     It protects you from acid and corrosion.
 S - a +1 cloak of cold resistance (worn)
 U - a +2 cloak
Magical Staves
 w - the staff of Veafuc {Will+++ Stlth- Conj Earth}
   (You found it on level 5 of the Pits of Slime)

   [staff of conjuration]

   Base accuracy: +5 Base damage: 5 Base attack delay: 1.2 This weapon's minimum
   attack delay (0.6) is reached at skill level 12.
   Will+++:   It greatly increases your willpower.
   Stlth-:    It makes you less stealthy.
   Conj:      It increases the power of your Conjurations spells.
   Earth:     It increases the power of your Earth spells.
   It falls into the 'Staves' category.
   It is a one-handed weapon.
Jewellery
 c - the ring of the Nurturing Songs {rCorr MP+9 Str-5 Stlth+}
   (You found it on level 5 of the Pits of Slime)

   [ring of magical power]

   Str-5:     It affects your strength (-5).
   MP+9:      It affects your magic capacity (+9).
   rCorr:     It protects you from acid and corrosion.
   Stlth+:    It makes you more stealthy.
 j - a +5 ring of evasion (on amulet)
 r - the ring "Civovarph" (left hand) {rPois Will- Dex+6 SInv}
   (You bought it in a shop on level 5 of the Dungeon)

   [ring of dexterity]

   Dex+6:     It affects your dexterity (+6).
   rPois:     It protects you from poison Will-: It decreases your willpower.
   SInv:      It lets you see invisible.
 A - a ring of magical power (right hand)
 E - the macabre finger necklace (around neck) {Finger+ rN+}
   (You found it on level 5 of the Pits of Slime)

   [amulet of nothing]

   Finger+:   It enables you to equip an extra ring.
   rN+:       It protects you from negative energy.
Wands
 p - a wand of polymorph (9)
 q - a wand of digging (8)
 I - a wand of iceblast (8)
 P - a wand of paralysis (2)
 X - a wand of quicksilver (12)
Scrolls
 k - a scroll of blinking
 u - 6 scrolls of vulnerability
 F - 3 scrolls of fog
 G - 3 scrolls of silence
 K - a scroll of immolation
 N - 9 scrolls of teleportation
 O - 6 scrolls of poison
 T - a scroll of enchant weapon {unknown}
 V - 2 scrolls of fear
Potions
 e - 3 potions of enlightenment
 h - 2 potions of haste
 i - 4 potions of invisibility
 m - a potion of magic
 n - a potion of resistance
 s - 3 potions of brilliance
 t - 3 potions of ambrosia
 z - a potion of attraction {unknown}
 C - 11 potions of curing
 H - 4 potions of heal wounds
 L - 3 potions of lignification
 M - a potion of might
 R - 3 potions of degeneration
Miscellaneous
 d - a lightning rod (1/4)
 f - a phial of floods


   Skills:
 * Level 11.2 Fighting
 - Level 7.1 Long Blades
 - Level 3.0 Staves
 - Level 2.0 Throwing
 - Level 12.0 Dodging
 - Level 11.0 Stealth
 - Level 10.0 Shields
 - Level 18.9 Spellcasting
 - Level 12.0 Summonings
 O Level 27 Necromancy
 - Level 5.7 Translocations
 - Level 5.0 Ice Magic
 - Level 5.0 Air Magic
 - Level 5.0 Earth Magic
 - Level 5.0 Evocations


You had 12 spell levels left.
You knew the following spells:

 Your Spells              Type           Power      Damage    Failure   Level
a - Borgnjor's Vile Clut  Necr/Erth      51%        N/A       1%          5
b - Summon Ice Beast      Ice/Summ       79%        N/A       1%          3
c - Death Channel         Necr           63%        N/A       1%          6
d - Animate Dead          Necr           100%       N/A       1%          4
e - Haunt                 Necr/Summ      55%        N/A       3%          7
f - Infestation           Necr           63%        N/A       1%          8
g - Vhi's Electric Charg  Tloc/Air       100%       N/A       12%         4
h - Hailstorm             Conj/Ice       53%        3d10      12%         3
i - Anguish               Hex/Necr       47%        N/A       1%          4

Your spell library contained the following spells:

 Spells                   Type           Power      Damage    Failure   Level
 Call Canine Familiar     Summ           90%        N/A       1%          3
 Fugue of the Fallen      Necr           100%       N/A       1%          3
 Gell's Gravitas          Tloc           68%        N/A       3%          3
 Shock                    Conj/Air       100%       1d9       4%          1
 Frozen Ramparts          Ice            100%       1d16      4%          3
 Swiftness                Air            65%        N/A       4%          3
 Ensorcelled Hibernation  Hex/Ice        100%       N/A       7%          2
 Mercury Vapours          Alch/Air       100%       N/A       7%          2
 Volatile Blastmotes      Fire/Tloc      100%       2d18      11%         3
 Airstrike                Air            32%        2d(5-21)  14%         4
 Mephitic Cloud           Conj/Alch/Air  48%        N/A       16%         3
 Inner Flame              Hex/Fire       35%        N/A       30%         3
 Sigil of Binding         Hex            35%        N/A       30%         3
 Dimensional Bullseye     Hex/Tloc       27%        N/A       30%         4
 Brom's Barrelling Bould  Conj/Erth      53%        2d7       34%         4
 Leda's Liquefaction      Alch/Erth      26%        N/A       34%         4
 Petrify                  Alch/Erth      53%        N/A       34%         4
 Freezing Cloud           Conj/Ice/Air   28%        6-21      54%         5
 Arcjolt                  Conj/Air       26%        1d36      67%         5
 Metabolic Englaciation   Hex/Ice        26%        N/A       67%         5
 Malign Gateway           Summ/Tloc      40%        N/A       89%         7
 Fireball                 Conj/Fire      17%        3d9       94%         5
 Irradiate                Conj/Alch      17%        3d17      94%         5
 Iskenderun's Battlesphe  Conj           35%        2d9       94%         5
 Conjure Ball Lightning   Conj/Air       26%        3x3d7     99%         6
 Sculpt Simulacrum        Ice/Alch       26%        N/A       99%         6
 Orb of Destruction       Conj           17%        9d7       100%        7
 Ozocubu's Refrigeration  Ice            32%        4d14      100%        7
 Ignition                 Fire           17%        3d7       100%        8
 Maxwell's Capacitive Co  Air            32%        ∞         100%        8
 Polar Vortex             Ice            32%        12d4*     100%        9


Dungeon Overview and Level Annotations

Branches:
Dungeon (15/15)            Temple (1/1) D:5            Lair (5/5) D:9
  Swamp (4/4) Lair:3       Spider (4/4) Lair:2        Slime (5/5) Lair:4
    Orc (2/2) D:11            Elf (0/3) Orc:2        Vaults (0/5) D:14
 Depths (4/4) D:15            Zot (5/5) Depths:4     Bailey (visited)
  IceCv (visited)

Altars:
Ashenzari
Cheibriados
Dithmenos
Elyvilon
Fedhas
Gozag
Hepliaklqana
Kikubaaqudgha
Makhleb
Nemelex Xobeh
Okawaru
Qazlal
Ru
Sif Muna
Trog
Uskayaw
Vehumet
Wu Jian
Yredelemnul
Zin
The Shining One
Jiyva
Lugonu

Shops:
D:5 =   D:7 *   D:11 [   Orc:1 :   Orc:2 (*(?[   Depths:1 !   Depths:4 [

Portals:
Hell: Lair:5 Depths:2 Depths:4
Pandemonium: Depths:2

Annotations:
D:10 exclusion: orange crystal statue
Swamp:3 2 transporters, Jacimip's ghost, journeyman HaHu
Slime:5 Royal Jelly
Depths:2 exclusions: frost giant, occultist and 2 spark wasps
Zot:1 exclusion: purple draconian
Zot:2 exclusion: downstairs
Zot:3 exclusion: downstairs
Zot:4 exclusion: upstairs
Zot:5 1 exclusion


Innate Abilities, Weirdness & Mutations

You have a pair of small antennae on your head.
You have sharp fingernails.
You are partially covered in iridescent scales. (AC +2)
You are covered in thick fur. (AC +2)
You do not regenerate when monsters are visible.
Your spells are a little harder to cast, but a little more powerful.
You have acidic saliva.
Your pliable body absorbs attacks. (AC +2, EV +2)
Your translucent skin slightly reduces your foes' accuracy. (Stealth+)
You have a small jelly attached to you that senses nearby items.
You occasionally lose the ability to drink potions when taking damage.
You expend magic power (3 MP) to strengthen your wands.


Message History

The red draconian is moderately wounded.
The zombie hands constrict the red draconian!!
The red draconian closely misses you.
Your wraith hits the red draconian!
Your wraith drains the red draconian's vigour!
The red draconian seems to slow down.
The red draconian hits you but does no damage.
You slash the red draconian! You burn the red draconian.
The red draconian is heavily wounded.
The zombie hands constrict the red draconian!!
Your wraith hits the red draconian.
Your wraith drains the red draconian's vigour!
The red draconian seems to slow down.
Something hits your wraith!! The red draconian closely misses you.
Your wraith hits the red draconian.
Your wraith drains the red draconian's vigour!
The red draconian seems to slow down.
You slash the red draconian! You burn the red draconian.
You bite the red draconian.
The red draconian is almost dead.
The zombie hands constrict the red draconian!!
You kill the red draconian!
Something closely misses your wraith. Something kicks your wraith.
Something tail-slaps your wraith!
Your wraith is destroyed!
Your wraith disappears in a puff of smoke!
Your wraith disappears in a puff of smoke!
The purple draconian shifter roars!
Your wraith disappears in a puff of smoke!
The purple draconian shifter gestures at you while chanting.
The moth of wrath blinks into view!
The white draconian blinks into view!
The green draconian monk blinks!
The green draconian monk blinks into view!
The moth of wrath goads the white draconian on!
The white draconian goes berserk!
The purple draconian shifter breathes dispelling energy at you.
The bolt of dispelling energy hits you. The white draconian barely misses you.
The moth of wrath attacks as it pursues you!
You block the moth of wrath's attack.
The moth of wrath goads the green draconian monk on!
The green draconian monk goes berserk!
You block the white draconian's attack. x2
You block the green draconian monk's attack.
The green draconian monk kicks you!
The green draconian monk tail-slaps you! x2
The moth of wrath goads the white draconian on!
The white draconian goes berserk!
The green draconian monk closely misses you.
You block the green draconian monk's attack.
The green draconian monk completely misses you.
The green draconian monk closely misses you.
The white draconian closely misses you.
There is a stone staircase leading up here.
The green draconian monk hits you but does no damage.
You block the green draconian monk's attack. x2
The green draconian monk tail-slaps you but does no damage.
You block the moth of wrath's attack.
The purple draconian shifter casts a spell.
The purple draconian shifter blinks!
The white draconian hits you from afar with a +0 trident!!
The green draconian monk closely misses you. x2
The green draconian monk tail-slaps you. x2
* * * LOW HITPOINT WARNING * * *
The moth of wrath bites you.
* * * LOW HITPOINT WARNING * * *
The moth of wrath infuriates you!
A red film seems to cover your vision as you go berserk!
You feel yourself moving faster!
You feel mighty!
You climb upwards.
Level annotation: exclusion: purple draconian
There is a stone staircase leading down here.
Unknown command.
You feel a strong urge to attack something.
The green draconian monk completely misses you.
The green draconian monk closely misses you.
The green draconian monk completely misses you.
The green draconian monk tail-slaps you!
* * * LOW HITPOINT WARNING * * *
You feel your anger nearly subside.
You are no longer berserk.
You are exhausted.
You feel yourself slow down.
The green draconian monk attacks as it pursues you!
The green draconian monk hits you.
* * * LOW HITPOINT WARNING * * *
The green draconian monk misses you.
The green draconian monk tail-slaps you.
* * * LOW HITPOINT WARNING * * *
The green draconian monk tail-slaps you but does no damage.
Casting: Borgnjor's Vile Clutch (mildly dangerous; 1% risk of failure)
Confirm with . or Enter, or press ? or * to list all spells.
Aiming: Haunt (dangerous; 3% risk of failure)
Press: ? - help, Dir - move target, f - green draconian monk
Aim: a green draconian monk, wearing a +0 cloak (berserk) Insubstantial figures form in the air.
You block the green draconian monk's attack.
The green draconian monk kicks you.
* * * LOW HITPOINT WARNING * * *
You block the green draconian monk's attack.
The green draconian monk tail-slaps you!
* * * LOW HITPOINT WARNING * * *
The moth of wrath bites your wraith! The green draconian monk hits you!!
You die...

........##........# *,,*
.......##..##..).###*,#*
#.....###...##.....##.#
###'### ##.##.........#
##.## ##..#####....###
##...###....#^...#..#
#.....##...####..#..#
##...##....#.W#W#####
.##.###...##.yWq@W.#
..#'#....##.⌠W###..#
....#..#####...#*###
###.#.##D.{##.##
......#....#..##
..##..##.......#
.####.##......##
###...####...##
##.....###....*


You could see a green draconian monk (berserk, ally target), a moth of wrath, a
friendly phantasmal warrior (summoned), a friendly freezing wraith (summoned)
and 3 friendly wraiths.

Vanquished Creatures
  An ancient lich (Zot:5)
  A Killer Klown (Zot:5)
  3 tentacled monstrosities
  3 Orb Guardians (Zot:5)
  A tentacled starspawn (Abyss:2)
  A shadow dragon (Zot:5)
  4 death cobs
  2 storm dragons
  2 draconian knights
  2 draconian monks (Zot:5)
  2 protean progenitors (Zot:1)
  An emperor scorpion (Spider:4)
  A draconian scorcher (Zot:5)
  2 draconian shifters
  A ghost moth (Zot:4)
  3 draconian stormcallers
  2 spriggan defenders (Depths:1)
  A draconian annihilator (Zot:1)
  3 very ugly things (Depths:1)
  An eleionoma (Swamp:2)
  A green draconian (Zot:4)
  4 black draconians
  3 red draconians
  4 white draconians
  A yellow draconian (Zot:1)
  3 purple draconians
  A spark wasp (Zot:1)
  2 spriggan air magi (Depths:1)
  11 hydras
  2 ogre magi (Orc:2)
  2 radroaches
  2 catoblepae
  A ghost crab (Swamp:3)
  12 two-headed ogres
  6 alligators
  4 centaur warriors
  A boulder beetle (Lair:5)
  A spriggan berserker (Depths:4)
  2 tengu warriors
  2 demonic crawlers
  6 nameless horrors
  An occultist (Lair:5)
  A death yak (Lair:5)
  A sun demon (Lair:5)
  3 skysharks
  4 skeletal warriors
  A sixfirhy (Abyss:2)
  Amaemon (Lair:1)
  A death drake (Swamp:3)
  2 goliath frogs
  A spark wasp zombie (D:15)
  2 swamp dragons (Swamp:4)
  3 bog bodies
  A sun moth (Spider:3)
  2 harpies (Zot:1)
  A steelbarb worm (Spider:3)
  3 wolf spiders
  2 draconian zombies (Zot:1)
  4 deep elf pyromancers
  2 cyclopes
  An orc sorcerer (Orc:1)
  A manticore (D:11)
  A will-o-the-wisp (Swamp:3)
  8 ugly things
  A manticore (shapeshifter) (Depths:2)
  11 moths of wrath
  4 elephants (Lair:2)
  2 black mambas
  A torpor snail (Lair:2)
  A meliai (Spider:4)
  2 orange demons
  5 cane toads
  An efreet (D:14)
  5 kobold demonologists
  2 komodo dragons
  An unseen horror (shapeshifter) (D:14)
  An anaconda simulacrum (IceCv)
  3 rime drakes
  3 ice devils
  3 tengu conjurers
  A red devil (Lair:5)
  A freezing wraith (D:9)
  An ancient zyme (Abyss:2)
  A bloated husk (Swamp:3)
  A merfolk (shapeshifter) (Depths:3)
  4 trolls
  2 hornets
  7 tyrant leeches
  6 dream sheep (Lair:3)
  3 polar bears
  2 tarantellas
  5 jumping spiders
  2 culicivoras
  2 water elementals (Depths:1)
  2 wraiths
  A vampire (D:9)
  3 wyverns
  4 spriggans
  12 yaks
  2 basilisks
  8 redbacks
  8 vampire mosquitoes
  3 death yak simulacra (IceCv)
  4 small abominations (Abyss:2)
  9 swamp worms
  5 water moccasins
  2 hell hounds (Lair:5)
  2 acid dragons
  2 hydra simulacra (IceCv)
  16 orc warriors
  A sky beast (D:8)
  3 swamp drakes (Swamp:4)
  3 black bears
  2 ice beasts (D:9)
  3 laughing skulls (Abyss:2)
  8 ogres
  A boggart (D:14)
  2 wolves (Lair:4)
  6 centaurs
  A phantom (D:5)
  7 bullfrogs
  A gnoll sergeant (D:12)
  6 kobold brigands
  2 scorpions (D:5)
  2 cane toad simulacra (IceCv)
  8 two-headed ogre simulacra (IceCv)
  7 wights
  2 elephant simulacra (IceCv)
  2 killer bees (D:8)
  An electric eel (D:9)
  2 howler monkeys (D:8)
  A bombardier beetle (D:5)
  A hound (D:5)
  A gnoll bouda (D:10)
  11 orc priests
  2 iguanas
  Ijyb (D:3)
  6 orc wizards
  5 troll simulacra (IceCv)
  3 polar bear simulacra (IceCv)
  A wolf simulacrum (IceCv)
  7 spriggan simulacra (IceCv)
  6 gnolls
  4 naga simulacra (IceCv)
  2 adders
  7 white imps
  5 ufetubi
  2 dart slugs
  31 orcs
  3 bats
  2 endoplasms (D:1)
  A giant cockroach (D:1)
  3 hobgoblins
  7 kobolds
  2 quokkas
  7 ball pythons
  2 frilled lizards
  7 goblins
  5 rats
527 creatures vanquished.

Vanquished Creatures (collateral kills)
  3 orbs of fire (Zot:5)
  An ancient lich (Zot:5)
  the Lernaean hydra (Swamp:4)
  6 Killer Klowns (Zot:5)
  2 golden dragons (Depths:4)
  the Enchantress (Depths:1)
  3 electric golems
  Rupert (Orc:2)
  6 tentacled monstrosities
  2 liches (Depths:1)
  3 quicksilver dragons
  9 Orb Guardians (Zot:5)
  3 death cobs
  A sphinx (Depths:4)
  2 shadow dragons
  Donald (Spider:2)
  Agnes (Spider:2)
  2 protean progenitors (Zot:1)
  A thorn hunter (Swamp:2)
  A draconian monk (Zot:5)
  7 storm dragons
  An iron dragon (Depths:4)
  5 draconian shifters
  A fire giant (Depths:3)
  3 ghost moths
  6 emperor scorpions (Spider:4)
  4 draconian scorchers (Zot:1)
  Louise (Spider:2)
  2 draconian stormcallers (Zot:5)
  A spriggan defender (Depths:1)
  A broodmother (Spider:4)
  7 very ugly things (Depths:4)
  A draconian annihilator (Zot:1)
  2 stone giants
  A yellow draconian (Zot:4)
  8 bunyips
  An eleionoma (Swamp:2)
  A black draconian (Zot:4)
  3 red draconians
  2 white draconians (Zot:1)
  A green draconian (Zot:1)
  4 purple draconians
  4 spark wasps
  An entropy weaver (Spider:3)
  A merfolk javelineer (Depths:1)
  A rakshasa (Depths:1)
  2 ice dragons
  A catoblepas (Lair:1)
  14 hydras
  A boulder beetle (D:9)
  2 centaur warriors (D:14)
  3 ogre magi
  A spriggan air mage (Depths:1)
  11 alligators
  2 ghost crabs
  A radroach (Zot:1)
  A jorogumo (Spider:4)
  18 two-headed ogres
  Erica (D:8)
  4 death yaks
  A vampire mage (D:15)
  2 orc high priests (Orc:1)
  2 demonic crawlers (Spider:3)
  A deep troll earth mage (Depths:1)
  A deep elf knight (D:14)
  A storm dragon zombie (D:15)
  An occultist (D:13)
  A skyshark (Lair:5)
  3 pharaoh ants
  3 skeletal warriors
  4 goliath frogs
  A spriggan rider (Swamp:1)
  3 orb spiders
  10 swamp dragons
  A bog body (Swamp:2)
  3 spriggan druids
  A deep elf pyromancer (D:12)
  6 steelbarb worms
  2 harpies (Zot:1)
  A sun moth (Spider:3)
  9 ugly things
  2 orc knights
  2 cyclopes
  5 manticores
  3 will-o-the-wisps
  A necromancer (D:15)
  An orc sorcerer (Orc:1)
  5 meliai (Spider:4)
  10 moths of wrath
  A meliai (shapeshifter) (D:9)
  Maurice (D:8)
  13 wolf spiders
  2 elephants (Lair:2)
  A black mamba (Lair:5)
  A torpor snail (Lair:5)
  An ice statue (IceCv)
  An orange demon (Lair:5)
  7 cane toads
  Maggie (D:6)
  5 rime drakes
  9 komodo dragons
  2 ice devils (Lair:5)
  Psyche (D:8)
  3 red devils (Orc:2)
  7 trolls
  8 tyrant leeches
  A hellwing (Lair:5)
  3 hornets
  3 polar bears
  9 dream sheep
  9 tarantellas
  4 blink frogs (Lair:5)
  11 culicivoras
  11 jumping spiders
  A shadow (D:9)
  A vampire (D:11)
  4 spriggans
  21 yaks
  2 wyverns
  A basilisk (Lair:4)
  2 wargs
  A neqoxec (Abyss:2)
  3 steam dragons
  28 redbacks
  16 swamp worms
  4 water moccasins
  An acid dragon (D:10)
  Duvessa (D:5)
  2 hell hounds (Lair:5)
  7 swamp drakes (Swamp:4)
  15 orc warriors
  2 ice beasts (D:9)
  2 laughing skulls (Abyss:2)
  18 ogres
  10 wolves (Lair:5)
  4 centaurs
  A kobold brigand (D:9)
  A bullfrog (Lair:1)
  3 gnoll sergeants
  A small abomination (Abyss:2)
  5 wights
  A hornet simulacrum (D:15)
  3 killer bees (D:8)
  2 troll zombies (Swamp:2)
  A troll skeleton (Swamp:2)
  3 orc priests
  3 gnoll boudas
  6 orc wizards
  18 gnolls
  A naga simulacrum (IceCv)
  21 orcs
  A kobold (D:9)
600 creatures vanquished.

Vanquished Creatures (others)
  2 great orbs of eyes (Zot:3)
  An ogre mage (Orc:2)
  A boulder beetle (Spider:3)
  A bunyip zombie (Swamp:4)
  A spriggan zombie (Spider:2)
  A glowing orange brain (Zot:3)
  2 alligator zombies
  2 ugly thing zombies (D:15)
  A broodmother zombie (Spider:4)
  2 draconian zombies (Zot:1)
  2 wolf spider zombies
  A black mamba (shapeshifter) (D:13)
  A red draconian zombie (Zot:1)
  2 purple draconian zombies (Depths:4)
  A black draconian zombie (Zot:1)
  A kobold demonologist (D:11)
  A white draconian zombie (Zot:1)
  4 redback zombies
  2 swamp worm zombies
  3 bloated husks (Swamp:2)
  2 hydra zombies (Swamp:4)
  3 culicivora zombies
  4 jumping spider zombies
  A tarantella (Spider:3)
  A moth of wrath zombie (Spider:3)
  4 tarantella zombies
  A black mamba zombie (Lair:5)
  10 slime creatures
  A jumping spider (Spider:3)
  A culicivora (Spider:3)
  A water elemental (Depths:1)
  A yak (D:11)
  A basilisk (Lair:4)
  2 redbacks (Spider:3)
  6 two-headed ogre zombies
  A water moccasin (D:8)
  2 cane toad zombies (Lair:5)
  An orc warrior (D:9)
  3 black bears
  4 blink frog zombies (Lair:5)
  A swamp dragon zombie (Swamp:4)
  A manticore zombie (Lair:5)
  3 wolves
  2 centaurs
  2 rime drake zombies (Lair:5)
  A torpor snail zombie (Lair:5)
  2 kobold brigands (D:11)
  2 komodo dragon zombies (Lair:5)
  3 bullfrogs
  A wyvern zombie (Lair:4)
  A water moccasin zombie (Lair:5)
  Dowan (D:5)
  11 yak zombies
  A troll zombie (Orc:2)
  2 polar bear zombies (D:15)
  6 wolf zombies (Lair:5)
  Crazy Yiuf (D:6)
  2 centaur zombies
  A bullfrog zombie (Lair:4)
  2 hounds
  153 jellies
  An orc priest (D:3)
  3 orc wizards
  6 ogre zombies (Orc:2)
  9 gnolls
  18 orc zombies
  2 swamp drake zombies (Swamp:4)
  3 adders (D:5)
  2 ufetubi
  7 orcs
  A ball python (D:3)
  A bat (D:3)
  2 endoplasms (Lair:4)
  4 gnoll zombies (D:10)
  18 kobolds
  26 foxfires
  2 starspawn tentacles (Abyss:2)
386 creatures vanquished.

Grand Total: 1513 creatures vanquished

Notes
Turn   | Place    | Note
-------+----------+-------------------------------------------
     0 | D:1      | browni3141 the Deep Elf Gladiator began the quest for the
                  | Orb.
     0 | D:1      | Reached XP level 1. HP: 12/12 MP: 3/3
   199 | D:1      | Reached XP level 2. HP: 16/16 MP: 4/4
   419 | D:1      | Reached skill level 3 in Stealth
  1050 | D:2      | Found a faded altar of an unknown god.
  1109 | D:2      | Prayed at the altar of an unknown god.
  1109 | D:2      | Became a worshipper of Jiyva Joefoeka the Shapeless
  1109 | D:2      | Reached * piety under Jiyva
  1351 | D:2      | Reached ** piety under Jiyva
  1366 | D:2      | Reached XP level 3. HP: 20/20 MP: 7/7
  1607 | D:3      | Noticed Ijyb
  1612 | D:3      | Killed Ijyb
  1627 | D:3      | Reached XP level 4. HP: 25/25 MP: 9/9
  1877 | D:3      | Reached *** piety under Jiyva
  1972 | D:3      | Reached skill level 3 in Spellcasting
  2147 | D:3      | Gained mutation: Your translucent skin slightly reduces
                  | your foes' accuracy. (Stealth+) [Jiyva's grace]
  2147 | D:3      | Gained mutation: Your translucent skin reduces your foes'
                  | accuracy. (Stealth+) [Jiyva's grace]
  2147 | D:3      | Gained mutation: Your transparent skin significantly
                  | reduces your foes' accuracy. (Stealth+) [Jiyva's grace]
  2147 | D:3      | Gained mutation: Your mind is acute. (Int +4, Str/Dex -1)
                  | [Jiyva's grace]
  2479 | D:4      | Reached **** piety under Jiyva
  3334 | D:5      | Entered Level 5 of the Dungeon
  3351 | D:4      | Learned a level 3 spell: Summon Ice Beast
  3377 | D:4      | Reached XP level 5. HP: 29/29 MP: 13/13
  3391 | D:5      | Found a staircase to the Ecumenical Temple.
  3403 | D:5      | Reached ***** piety under Jiyva
  3404 | D:5      | Noticed Duvessa
  3407 | D:5      | Noticed Dowan
  3453 | D:5      | Killed a black bear
  3491 | D:5      | Killed Dowan
  3512 | D:5      | Killed Duvessa
  3513 | D:5      | Reached XP level 6. HP: 15/34 MP: 15/15
  3597 | D:5      | Reached skill level 3 in Summonings
  3597 | D:5      | Reached skill level 3 in Ice Magic
  3642 | D:5      | Found Ecestruink's Jewellery Emporium.
  3674 | D:5      | Reached XP level 7. HP: 38/38 MP: 16/16
  3777 | D:5      | Lost mutation: Your transparent skin significantly reduces
                  | your foes' accuracy. (Stealth+) [Jiyva's grace]
  3777 | D:5      | Lost mutation: Your translucent skin reduces your foes'
                  | accuracy. (Stealth+) [Jiyva's grace]
  3777 | D:5      | Gained mutation: Your body has grown eyes which may confuse
                  | attackers. (Acc +3) [Jiyva's grace]
  3777 | D:5      | Gained mutation: Your body has grown many eyes which may
                  | confuse attackers. (Acc +5) [Jiyva's grace]
  3777 | D:5      | Gained mutation: Your body is covered in eyes which may
                  | confuse attackers. (Acc +7, SInv) [Jiyva's grace]
  3777 | D:5      | Gained mutation: Your muscles are strong. (Str +4, Int/Dex
                  | -1) [Jiyva's grace]
  3867 | Temple   | Entered the Ecumenical Temple
  3923 | D:6      | Noticed Maggie
  3929 | D:6      | Found a blossoming altar of Fedhas.
  3935 | D:6      | Killed Maggie
  3936 | D:6      | Reached skill level 3 in Evocations
  4110 | D:6      | Found a runed translucent door.
  4111 | D:6      | Noticed Crazy Yiuf
  4628 | D:6      | Killed Crazy Yiuf
  4748 | D:7      | Reached XP level 8. HP: 44/44 MP: 18/18
  4780 | D:7      | Reached skill level 6 in Spellcasting
  4833 | D:7      | Found Wiqebrem's Assorted Antiques.
  4857 | D:7      | Bought a scroll labelled ETOIXZ TEBU for 29 gold pieces
  4857 | D:7      | Bought a fizzy sapphire potion for 26 gold pieces
  4857 | D:7      | Bought a scroll labelled EGOHE MAODDER for 29 gold pieces
  4857 | D:7      | Bought a scroll labelled IJOLUGRIPT for 29 gold pieces
  5363 | D:8      | Noticed Maurice
  5369 | D:8      | Killed Maurice
  5382 | D:8      | Identified the +5 long sword "Zaudghen" {flame, Int+7
                  | Dex+4}
  5407 | D:8      | Reached skill level 6 in Dodging
  5407 | D:8      | Reached skill level 6 in Stealth
  5456 | D:8      | Noticed Erica
  5458 | D:8      | Reached XP level 9. HP: 39/48 MP: 23/23
  5463 | D:8      | Killed Erica
  5514 | D:8      | Reached skill level 3 in Long Blades
  5543 | D:8      | Found a flagged portal.
  5552 | Bailey   | Entered a bailey
  5599 | Bailey   | Lost mutation: Your body is covered in eyes which may
                  | confuse attackers. (Acc +7, SInv) [Jiyva's grace]
  5599 | Bailey   | Lost mutation: Your body has grown many eyes which may
                  | confuse attackers. (Acc +5) [Jiyva's grace]
  5599 | Bailey   | Gained mutation: You are somewhat resistant to further
                  | mutation. [Jiyva's grace]
  5599 | Bailey   | Gained mutation: You are somewhat resistant to both further
                  | mutation and mutation removal. [Jiyva's grace]
  5599 | Bailey   | Gained mutation: You are almost entirely resistant to
                  | further mutation and mutation removal. [Jiyva's grace]
  5599 | Bailey   | Gained mutation: You have a pair of small antennae on your
                  | head. [Jiyva's grace]
  5632 | Bailey   | Reached ****** piety under Jiyva
  5693 | Bailey   | Learned a level 3 spell: Hailstorm
  5698 | Bailey   | Learned a level 4 spell: Animate Dead
  5704 | Bailey   | Learned a level 5 spell: Borgnjor's Vile Clutch
  5759 | Bailey   | Reached skill level 1 in Necromancy
  5770 | Bailey   | Reached skill level 2 in Necromancy
  5770 | Bailey   | Reached XP level 10. HP: 34/53 MP: 24/24
  5776 | Bailey   | Identified the +5 hand axe of Qazlal, Hungering {elec, rF+
                  | rN+}
  5776 | Bailey   | Noticed an orc knight
  5808 | Bailey   | Reached skill level 9 in Spellcasting
  5829 | Bailey   | Killed an orc knight
  5830 | Bailey   | Reached skill level 3 in Necromancy
  5871 | Bailey   | Reached skill level 4 in Necromancy
  5903 | D:8      | Noticed Psyche
  5912 | D:8      | Killed Psyche
  5941 | D:8      | Identified the +8 short sword "browni3141's Death" {flame,
                  | rF+ MP+9}
  6222 | D:9      | Reached skill level 5 in Necromancy
  6311 | D:9      | Noticed a two-headed ogre
  6318 | D:9      | Killed a two-headed ogre
  6319 | D:9      | Reached skill level 7 in Necromancy
  6360 | D:9      | Noticed a manticore
  6362 | D:9      | Noticed a manticore
  6394 | D:9      | Killed a manticore
  6395 | D:9      | Reached skill level 8 in Necromancy
  6397 | D:9      | Killed a manticore
  6398 | D:9      | Reached skill level 9 in Necromancy
  6503 | D:9      | Noticed a two-headed ogre
  6507 | D:9      | Killed a two-headed ogre
  6508 | D:9      | Reached skill level 10 in Necromancy
  6508 | D:9      | Reached XP level 11. HP: 53/57 MP: 27/27
  6620 | D:9      | Noticed a two-headed ogre
  6634 | D:9      | Killed a two-headed ogre
  6658 | D:9      | Found a staircase to the Lair.
  6703 | D:9      | Reached skill level 3 in Earth Magic
  6881 | D:9      | Noticed a boulder beetle
  6903 | D:9      | Noticed a two-headed ogre
  6940 | D:9      | Reached skill level 11 in Necromancy
  7131 | D:9      | Killed a two-headed ogre
  7205 | D:9      | Killed a boulder beetle
  7330 | D:10     | Entered Level 10 of the Dungeon
  7430 | D:10     | Found a shadowy altar of Dithmenos.
  7431 | D:10     | Found a shimmering blue altar of Sif Muna.
  7432 | D:10     | Found a hazy altar of Hepliaklqana.
  7432 | D:10     | Found a basalt altar of Yredelemnul.
  7433 | D:10     | Found a sacrificial altar of Ru.
  7433 | D:10     | Found a stormy altar of Qazlal.
  7434 | D:10     | Found a bloodstained altar of Trog.
  7465 | D:10     | Noticed a two-headed ogre
  7474 | D:10     | Killed a two-headed ogre
  7504 | D:10     | Noticed an orange crystal statue
  7611 | D:10     | Reached skill level 12 in Spellcasting
  7639 | D:10     | Found an iron altar of Okawaru.
  7640 | D:10     | Found an ancient bone altar of Kikubaaqudgha.
  7640 | D:10     | Found a burning altar of Makhleb.
  7758 | D:10     | Lost mutation: Your muscles are strong. (Str +4, Int/Dex
                  | -1) [Jiyva's grace]
  7758 | D:10     | Lost mutation: Your body has grown eyes which may confuse
                  | attackers. (Acc +3) [Jiyva's grace]
  7758 | D:10     | Lost mutation: You are almost entirely resistant to further
                  | mutation and mutation removal. [Jiyva's grace]
  7758 | D:10     | Lost mutation: You are somewhat resistant to both further
                  | mutation and mutation removal. [Jiyva's grace]
  7758 | D:10     | Lost mutation: You are somewhat resistant to further
                  | mutation. [Jiyva's grace]
  7758 | D:10     | Gained mutation: You have hidden genetic potential.
                  | [Jiyva's grace]
  7758 | D:10     | Gained mutation: You have great hidden genetic potential.
                  | [Jiyva's grace]
  7758 | D:10     | Gained mutation: You have a pair of antennae on your head.
                  | [Jiyva's grace]
  7758 | D:10     | Gained mutation: You have a pair of large antennae on your
                  | head. (SInv) [Jiyva's grace]
  7905 | D:10     | Noticed a two-headed ogre
  7910 | D:10     | Killed a two-headed ogre
  7911 | D:10     | Reached skill level 12 in Necromancy
  8062 | D:10     | Reached skill level 6 in Summonings
  8569 | D:11     | Found Bathaf's Antique Armour Shoppe.
  8613 | D:11     | Found a broken altar of Ashenzari.
  8717 | D:11     | Reached XP level 12. HP: 53/62 MP: 30/30
  9002 | D:11     | Found a staircase to the Orcish Mines.
  9054 | D:11     | Reached skill level 13 in Necromancy
  9126 | D:11     | Learned a level 6 spell: Death Channel
  9134 | D:11     | Learned a level 7 spell: Haunt
  9293 | Lair:1   | Entered Level 1 of the Lair of Beasts
  9336 | Lair:1   | Noticed Amaemon
  9353 | Lair:1   | Killed Amaemon
  9379 | Lair:1   | Lost mutation: You have a pair of large antennae on your
                  | head. (SInv) [Jiyva's grace]
  9379 | Lair:1   | Gained mutation: You possess an exceptional clarity of
                  | mind. [Jiyva's grace]
  9379 | Lair:1   | Gained mutation: You are robust. (+10% HP) [Jiyva's grace]
  9379 | Lair:1   | Gained mutation: You are very robust. (+20% HP) [Jiyva's
                  | grace]
  9379 | Lair:1   | Gained mutation: You are extremely robust. (+30% HP)
                  | [Jiyva's grace]
  9509 | Lair:1   | Noticed a catoblepas
  9516 | Lair:1   | Killed a catoblepas
  9929 | Lair:1   | Found a frozen archway.
  9948 | IceCv    | Entered an ice cave
 10183 | IceCv    | Identified the +0 pair of gloves of Odeq {-Cast Rampage
                  | rPois rF++}
 10221 | IceCv    | Reached skill level 14 in Necromancy
 10257 | IceCv    | Identified the +6 flail of Ypyiles {spect, rPois rN+}
 10330 | IceCv    | Reached skill level 9 in Summonings
 10804 | Lair:2   | Identified the +4 long sword "Impbane" {pain, rC+}
 11067 | Lair:2   | Reached XP level 13. HP: 85/85 MP: 27/32
 11144 | Lair:2   | Lost mutation: You possess an exceptional clarity of mind.
                  | [Jiyva's grace]
 11144 | Lair:2   | Gained mutation: Your flesh is cold resistant. (rC+)
                  | [Jiyva's grace]
 11144 | Lair:2   | Gained mutation: Your flesh is very cold resistant. (rC++)
                  | [Jiyva's grace]
 11144 | Lair:2   | Gained mutation: Your flesh is almost immune to the effects
                  | of cold. (rC+++) [Jiyva's grace]
 11144 | Lair:2   | Gained mutation: You expend magic power (3 MP) to
                  | strengthen your wands. [Jiyva's grace]
 11312 | Lair:2   | Reached skill level 15 in Necromancy
 11352 | Lair:2   | Found a hole to the Spider Nest.
 11429 | Lair:2   | Learned a level 8 spell: Infestation
 11459 | Lair:3   | Found a staircase to the Swamp.
 11732 | Lair:3   | Reached skill level 16 in Necromancy
 11781 | Lair:3   | Gained mutation: Your mind is very acute. (Int +8, Str/Dex
                  | -2) [hidden potential]
 11881 | Lair:3   | You fall into a shaft and drop 2 floors!
 11881 | Lair:5   | Entered Level 5 of the Lair of Beasts
 12185 | Lair:5   | Reached skill level 17 in Necromancy
 12230 | Lair:5   | Reached skill level 15 in Spellcasting
 12405 | Lair:5   | Lost mutation: Your flesh is almost immune to the effects
                  | of cold. (rC+++) [Jiyva's grace]
 12405 | Lair:5   | Lost mutation: Your flesh is very cold resistant. (rC++)
                  | [Jiyva's grace]
 12405 | Lair:5   | Lost mutation: You have great hidden genetic potential.
                  | [Jiyva's grace]
 12405 | Lair:5   | Lost mutation: You have hidden genetic potential. [Jiyva's
                  | grace]
 12405 | Lair:5   | Gained mutation: You are partially covered in iridescent
                  | scales. (AC +2) [Jiyva's grace]
 12405 | Lair:5   | Gained mutation: You are mostly covered in iridescent
                  | scales. (AC +4) [Jiyva's grace]
 12405 | Lair:5   | Gained mutation: You are completely covered in iridescent
                  | scales. (AC +6) [Jiyva's grace]
 12405 | Lair:5   | Gained mutation: Your flesh is heat resistant. (rF+)
                  | [Jiyva's grace]
 12551 | Lair:5   | Reached skill level 18 in Necromancy
 12551 | Lair:5   | Reached XP level 14. HP: 93/93 MP: 35/35
 12671 | Lair:5   | Found a burning altar of Makhleb.
 12692 | Lair:5   | Reached skill level 3 in Fighting
 12703 | Lair:5   | Found a gateway to Hell.
 12705 | Lair:5   | Got an earthy gem with 935 turns to spare
 12955 | Lair:5   | Reached skill level 9 in Dodging
 13398 | Lair:4   | Found a staircase to the Slime Pits.
 13398 | Lair:4   | Found a viscous altar of Jiyva.
 13406 | Slime:1  | Entered Level 1 of the Pits of Slime
 13406 | Slime:1  | Noticed an acid blob
 13406 | Slime:1  | Noticed a quicksilver ooze
 13418 | Slime:2  | Noticed an acid blob
 13424 | Slime:3  | Noticed a rockslime
 13426 | Slime:3  | Noticed a rockslime
 13441 | Slime:4  | Noticed an acid blob
 13444 | Slime:4  | Noticed a rockslime
 13446 | Slime:5  | Entered Level 5 of the Pits of Slime
 13446 | Slime:5  | Noticed an azure jelly
 13449 | Slime:5  | Noticed an acid blob
 13454 | Slime:5  | Noticed an acid blob
 13462 | Slime:5  | Noticed a rockslime
 13463 | Slime:5  | Noticed an acid blob
 13468 | Slime:5  | Noticed an acid blob
 13468 | Slime:5  | Noticed an acid blob
 13472 | Slime:5  | Noticed a rockslime
 13473 | Slime:5  | Noticed a quicksilver ooze
 13475 | Slime:5  | Noticed a rockslime
 13478 | Slime:5  | Noticed a quicksilver ooze
 13482 | Slime:5  | Noticed a formless jellyfish
 13482 | Slime:5  | Noticed a rockslime
 13484 | Slime:5  | Noticed a quicksilver ooze
 13485 | Slime:5  | Noticed a rockslime
 13487 | Slime:5  | Noticed an acid blob
 13494 | Slime:5  | Noticed an acid blob
 13513 | Slime:5  | Found a viscous altar of Jiyva.
 13513 | Slime:5  | Noticed a quicksilver ooze
 13517 | Slime:5  | Found the macabre finger necklace {Finger+ rN+}
 13520 | Slime:5  | Noticed the Royal Jelly
 13528 | Slime:5  | Identified the +3 pair of gloves "Fuwoss" {*Corrode rF++}
 13531 | Slime:5  | Identified the +0 demon whip of the Lair of Beasts {vamp,
                  | +Blink Dex+3}
 13534 | Slime:5  | Identified the staff of Veafuc {Will+++ Stlth- Conj Earth}
 13538 | Slime:5  | Identified the +4 ring mail of Wuakal {+Blink Dex+2}
 13540 | Slime:5  | Got a starry gem with 468 turns to spare
 13540 | Slime:5  | Got the Directory of the Quake and Distance
 13542 | Slime:5  | Got a slimy rune of Zot
 13543 | Slime:5  | Identified the ring of the Nurturing Songs {rCorr MP+9
                  | Str-5 Stlth+}
 13551 | Slime:5  | Identified the +12 chain mail of the Quahog {Str+3}
 13569 | Slime:5  | Identified the +7 great mace "Ykkuu" {antimagic, Dex+4}
 13614 | Slime:5  | Noticed an acid blob
 13614 | Slime:5  | Noticed a quicksilver ooze
 13626 | Slime:5  | Noticed a rockslime
 13635 | Slime:5  | Noticed an acid blob
 13639 | Slime:5  | Noticed an acid blob
 13652 | Slime:4  | Noticed a formless jellyfish
 13652 | Slime:4  | Noticed an acid blob
 13654 | Slime:4  | Noticed a formless jellyfish
 13655 | Slime:4  | Noticed a formless jellyfish
 13738 | Lair:4   | Identified the granite talisman "Mieg" {rF++ rC+++ SInv}
 14188 | Lair:3   | Lost mutation: You are completely covered in iridescent
                  | scales. (AC +6) [Jiyva's grace]
 14188 | Lair:3   | Lost mutation: Your mind is very acute. (Int +8, Str/Dex
                  | -2) [Jiyva's grace]
 14188 | Lair:3   | Lost mutation: You are extremely robust. (+30% HP) [Jiyva's
                  | grace]
 14188 | Lair:3   | Gained mutation: You are agile. (Dex +4, Str/Int -1)
                  | [Jiyva's grace]
 14188 | Lair:3   | Gained mutation: You are very agile. (Dex +8, Str/Int -2)
                  | [Jiyva's grace]
 14188 | Lair:3   | Gained mutation: Armour fits poorly on your pseudopods.
                  | [Jiyva's grace]
 14188 | Lair:3   | Gained mutation: Armour fits poorly on your large
                  | pseudopods. [Jiyva's grace]
 14593 | Orc:1    | Entered Level 1 of the Orcish Mines
 14611 | Orc:1    | Paralysed by an orc sorcerer for 2 turns
 14690 | Orc:1    | Found Sotof's Book Emporium.
 15036 | Orc:2    | Entered Level 2 of the Orcish Mines
 15037 | Orc:2    | Noticed Rupert
 15043 | Orc:2    | Killed Rupert
 15044 | Orc:2    | Reached skill level 19 in Necromancy
 15202 | Orc:2    | Found Taddied's Assorted Antiques.
 15202 | Orc:2    | Found Fostrashru's Weapon Emporium.
 15206 | Orc:2    | Found Qeokida's Magic Scroll Emporium.
 15206 | Orc:2    | Found Oblatreb's Antique Armour Shop.
 15215 | Orc:2    | Reached skill level 6 in Fighting
 15215 | Orc:2    | Reached XP level 15. HP: 99/100 MP: 30/36
 15251 | Orc:2    | Bought an inky potion for 27 gold pieces
 15251 | Orc:2    | Bought a ruby potion for 27 gold pieces
 15251 | Orc:2    | Bought a murky sapphire potion for 27 gold pieces
 15251 | Orc:2    | Bought a scroll labelled RAIC XIRUCLA for 30 gold pieces
 15293 | Orc:2    | Found a staircase to the Elven Halls.
 15415 | Orc:2    | Found Ityc's Weapon Boutique.
 15951 | D:12     | Lost mutation: Your mind is acute. (Int +4, Str/Dex -1)
                  | [Jiyva's grace]
 15951 | D:12     | Gained mutation: You are covered in slimy tendrils that may
                  | disarm your opponents. [Jiyva's grace]
 15951 | D:12     | Gained mutation: Your spells are a little harder to cast,
                  | but a little more powerful. [Jiyva's grace]
 15951 | D:12     | Gained mutation: Your spells are harder to cast, but more
                  | powerful. [Jiyva's grace]
 15951 | D:12     | Gained mutation: Your spells are much harder to cast, but
                  | much more powerful. [Jiyva's grace]
 16109 | D:12     | Identified the +3 falchion of Cunn {drain, rC+}
 16368 | D:13     | Reached skill level 12 in Dodging
 16479 | D:13     | Found a corrupted altar of Lugonu.
 16586 | Abyss:2  | Cast into level 2 of the Abyss (an occultist)
 16652 | Abyss:2  | Found a corrupted altar of Lugonu.
 16683 | Abyss:2  | Noticed a tentacled starspawn
 16690 | Abyss:2  | Killed a tentacled starspawn
 16766 | D:13     | Escaped the Abyss
 16830 | D:13     | Reached skill level 20 in Necromancy
 17159 | D:13     | Found an ornate altar of the Wu Jian Council.
 17361 | D:14     | Found a gate to the Vaults.
 17726 | D:14     | Lost mutation: You are very agile. (Dex +8, Str/Int -2)
                  | [Jiyva's grace]
 17726 | D:14     | Lost mutation: You are very robust. (+20% HP) [Jiyva's
                  | grace]
 17726 | D:14     | Lost mutation: Armour fits poorly on your large pseudopods.
                  | [Jiyva's grace]
 17726 | D:14     | Gained mutation: Your mind is acute. (Int +4, Str/Dex -1)
                  | [Jiyva's grace]
 17726 | D:14     | Gained mutation: Your mind is very acute. (Int +8, Str/Dex
                  | -2) [Jiyva's grace]
 17726 | D:14     | Gained mutation: You have sharp fingernails. [Jiyva's
                  | grace]
 17726 | D:14     | Gained mutation: You have very sharp fingernails. [Jiyva's
                  | grace]
 18224 | D:15     | Entered Level 15 of the Dungeon
 18246 | D:15     | Reached skill level 12 in Summonings
 18279 | D:15     | Found a bloodstained altar of Trog.
 18308 | D:15     | Found an ancient bone altar of Kikubaaqudgha.
 18375 | D:15     | Reached XP level 16. HP: 101/101 MP: 39/39
 18526 | D:15     | Found a staircase to the Depths.
 18530 | D:15     | Reached skill level 18 in Spellcasting
 19195 | Spider:1 | Entered Level 1 of the Spider Nest
 19438 | Spider:1 | Lost mutation: Your flesh is cold resistant. (rC+) [Jiyva's
                  | grace]
 19438 | Spider:1 | Lost mutation: Your spells are much harder to cast, but
                  | much more powerful. [Jiyva's grace]
 19438 | Spider:1 | Gained mutation: You are completely covered in iridescent
                  | scales. (AC +6) [Jiyva's grace]
 19438 | Spider:1 | Gained mutation: Your rubbery body absorbs attacks. (AC +1,
                  | EV +1) [Jiyva's grace]
 19438 | Spider:1 | Gained mutation: Your pliable body absorbs attacks. (AC +2,
                  | EV +2) [Jiyva's grace]
 19438 | Spider:1 | Gained mutation: Your gelatinous body deflects attacks. (AC
                  | +3, EV +3) [Jiyva's grace]
 19816 | Spider:1 | Identified the +8 battleaxe of Trial by Ordeal {freeze,
                  | Str+3}
 19863 | Spider:2 | Noticed Donald
 19870 | Spider:2 | Killed Donald
 19901 | Spider:2 | Noticed Agnes
 19907 | Spider:2 | Killed Agnes
 19945 | Spider:2 | Reached skill level 21 in Necromancy
 19963 | Spider:2 | Identified the +6 long sword of Reinforcement {freeze,
                  | *Rage rElec rCorr SInv}
 20039 | Spider:2 | Your ally Agnes died
 20186 | Spider:2 | Noticed Louise
 20199 | Spider:2 | Killed Louise
 20296 | Spider:3 | Noticed Nikola
 20300 | Spider:3 | Slimified Nikola
 20300 | Spider:3 | Nikola changed into Nikola the azure jelly
 20300 | Spider:3 | Noticed Nikola
 20319 | Spider:3 | Reached skill level 22 in Necromancy
 20521 | Spider:4 | Entered Level 4 of the Spider Nest
 20752 | Orc:2    | Bought a scroll of teleportation for 48 gold pieces
 20752 | Orc:2    | Bought a scroll of poison for 64 gold pieces
 20752 | Orc:2    | Bought a scroll of identify for 32 gold pieces
 20752 | Orc:2    | Bought a scroll of fog for 64 gold pieces
 20752 | Orc:2    | Bought 2 scrolls of identify for 64 gold pieces
 20757 | Orc:2    | Identified a scroll of acquirement
 20764 | Orc:2    | Acquired a +2 pair of boots of stealth
 20775 | Orc:2    | Bought a wand of digging (6) for 756 gold pieces
 20956 | D:5      | Bought the ring "Civovarph" {rPois Will- Dex+6 SInv} for
                  | 613 gold pieces
 21470 | Spider:4 | Reached skill level 23 in Necromancy
 21520 | Spider:4 | Got a gossamer rune of Zot
 21538 | Spider:4 | Got a milky-white gem with 771 turns to spare
 21674 | Spider:4 | Reached XP level 17. HP: 105/105 MP: 41/41
 22214 | Swamp:1  | Entered Level 1 of the Swamp
 22327 | Swamp:1  | Reached skill level 24 in Necromancy
 22559 | Swamp:1  | Lost mutation: Your mind is very acute. (Int +8, Str/Dex
                  | -2) [Jiyva's grace]
 22559 | Swamp:1  | Lost mutation: You are covered in slimy tendrils that may
                  | disarm your opponents. [Jiyva's grace]
 22559 | Swamp:1  | Gained mutation: You have acidic saliva. [Jiyva's grace]
 22559 | Swamp:1  | Gained mutation: You have a pair of large antennae on your
                  | head. (SInv) [Jiyva's grace]
 22559 | Swamp:1  | Gained mutation: Armour fits poorly on your large
                  | pseudopods. [Jiyva's grace]
 22559 | Swamp:1  | Gained mutation: Armour fits poorly on your massive
                  | pseudopods. [Jiyva's grace]
 23036 | Swamp:2  | Reached skill level 25 in Necromancy
 23356 | Swamp:3  | Found a transporter.
 23359 | Swamp:3  | Noticed Jacimip's ghost (journeyman HaHu)
 23375 | Swamp:3  | Found a transporter.
 23867 | Swamp:3  | Identified the amulet "Vehargho" {Spirit ^Drain Will+
                  | Dex+2}
 24037 | Swamp:4  | Entered Level 4 of the Swamp
 24054 | Swamp:4  | Reached skill level 26 in Necromancy
 24128 | Swamp:4  | Noticed the 27-headed Lernaean hydra
 24134 | Swamp:4  | Reached XP level 18. HP: 102/111 MP: 31/42
 24137 | Swamp:4  | Killed the 27-headed Lernaean hydra
 24188 | Swamp:4  | Got a decaying rune of Zot
 24278 | Swamp:4  | Reached skill level 27 in Necromancy
 24490 | Depths:1 | Entered Level 1 of the Depths
 24522 | Depths:1 | Found Lyurch's Distillery.
 24532 | Depths:1 | Bought a potion of invisibility for 96 gold pieces
 24532 | Depths:1 | Bought a potion of heal wounds for 60 gold pieces
 24532 | Depths:1 | Bought a potion of invisibility for 96 gold pieces
 24532 | Depths:1 | Bought a potion of enlightenment for 60 gold pieces
 24560 | Depths:1 | Noticed a lich
 24567 | Depths:1 | Killed a lich
 24611 | Depths:1 | Noticed a lich
 24616 | Depths:1 | Killed a lich
 24624 | Depths:1 | Noticed the Enchantress
 24630 | Depths:1 | Killed the Enchantress
 24840 | Depths:2 | Learned a level 4 spell: Vhi's Electric Charge
 24843 | Depths:2 | Lost mutation: You have a pair of large antennae on your
                  | head. (SInv) [Jiyva's grace]
 24843 | Depths:2 | Lost mutation: You have a pair of antennae on your head.
                  | [Jiyva's grace]
 24843 | Depths:2 | Lost mutation: You are completely covered in iridescent
                  | scales. (AC +6) [Jiyva's grace]
 24843 | Depths:2 | Lost mutation: You are agile. (Dex +4, Str/Int -1) [Jiyva's
                  | grace]
 24843 | Depths:2 | Lost mutation: Your mind is acute. (Int +4, Str/Dex -1)
                  | [Jiyva's grace]
 24843 | Depths:2 | Lost mutation: Your flesh is heat resistant. (rF+) [Jiyva's
                  | grace]
 24843 | Depths:2 | Lost mutation: You are robust. (+10% HP) [Jiyva's grace]
 24843 | Depths:2 | Lost mutation: Your spells are harder to cast, but more
                  | powerful. [Jiyva's grace]
 24843 | Depths:2 | Lost mutation: Your gelatinous body deflects attacks. (AC
                  | +3, EV +3) [Jiyva's grace]
 24843 | Depths:2 | Lost mutation: Armour fits poorly on your massive
                  | pseudopods. [Jiyva's grace]
 24843 | Depths:2 | Lost mutation: You expend magic power (3 MP) to strengthen
                  | your wands. [Jiyva's grace]
 24843 | Depths:2 | Gained mutation: Armour fits poorly on your massive
                  | pseudopods. [Jiyva's grace]
 24843 | Depths:2 | Gained mutation: You are covered in fur. (AC +1) [Jiyva's
                  | grace]
 24843 | Depths:2 | Gained mutation: You are covered in thick fur. (AC +2)
                  | [Jiyva's grace]
 24843 | Depths:2 | Gained mutation: Your thick and shaggy fur keeps you warm.
                  | (AC +3, rC+) [Jiyva's grace]
 24890 | Depths:2 | Found a one-way gate leading to the halls of Pandemonium.
 24969 | Depths:1 | Identified the +7 quarterstaff "Pendulum" {flame, *Rage rF+
                  | Dex+3 SInv}
 25031 | Depths:4 | Entered Level 4 of the Depths
 25031 | Depths:4 | Found Seenagg's Armour Boutique.
 25105 | Depths:4 | Noticed a golden dragon
 25114 | Depths:4 | Killed a golden dragon
 25166 | Depths:4 | Found a white marble altar of Elyvilon.
 25167 | Depths:4 | Found a glowing silver altar of Zin.
 25169 | Depths:4 | Found a glowing golden altar of the Shining One.
 25257 | Depths:4 | Reached skill level 9 in Stealth
 25435 | Depths:4 | Noticed a golden dragon
 25437 | Depths:4 | Reached skill level 3 in Translocations
 25444 | Depths:4 | Killed a golden dragon
 25462 | Depths:4 | Reached skill level 6 in Long Blades
 25504 | Depths:4 | Found a gate to the Realm of Zot.
 25514 | Depths:4 | Got a midnight gem with 1970 turns to spare
 25542 | Zot:1    | Entered Level 1 of the Realm of Zot
 25774 | Zot:1    | Noticed an electric golem
 25801 | Zot:1    | Killed an electric golem
 25887 | Zot:1    | Reached XP level 19. HP: 53/107 MP: 16/43
 26165 | Zot:1    | Reached skill level 3 in Shields
 26669 | Zot:1    | Reached skill level 6 in Shields
 26710 | Zot:1    | Noticed a golden dragon
 26772 | Zot:2    | You fall into a shaft and drop 2 floors!
 26773 | Zot:4    | Lost mutation: You have very sharp fingernails. [Jiyva's
                  | grace]
 26773 | Zot:4    | Lost mutation: Your thick and shaggy fur keeps you warm.
                  | (AC +3, rC+) [Jiyva's grace]
 26773 | Zot:4    | Lost mutation: Armour fits poorly on your massive
                  | pseudopods. [Jiyva's grace]
 26773 | Zot:4    | Gained mutation: You have a small jelly attached to you
                  | that senses nearby items. [Jiyva's grace]
 26773 | Zot:4    | Gained mutation: You are covered in slimy tendrils that may
                  | disarm your opponents. [Jiyva's grace]
 26773 | Zot:4    | Gained mutation: You expend magic power (3 MP) to
                  | strengthen your wands. [Jiyva's grace]
 26773 | Zot:4    | Gained mutation: Your system is resistant to poisons.
                  | (rPois) [Jiyva's grace]
 26869 | Zot:5    | Entered Level 5 of the Realm of Zot
 26956 | Zot:5    | Learned a level 4 spell: Anguish
 27105 | Zot:5    | Noticed an orb of fire
 27133 | Zot:5    | Killed an orb of fire
 27134 | Zot:5    | Noticed a Killer Klown
 27142 | Zot:5    | Noticed an ancient lich
 27154 | Zot:5    | Killed an ancient lich
 27186 | Zot:5    | Reached skill level 9 in Shields
 27204 | Zot:5    | Killed a Killer Klown
 27255 | Zot:5    | Noticed an orb of fire
 27256 | Zot:5    | Gained mutation: You occasionally lose the ability to drink
                  | potions when taking damage. [an orb of fire]
 27273 | Zot:5    | Killed an orb of fire
 27351 | Zot:5    | Noticed a Killer Klown
 27359 | Zot:5    | Killed a Killer Klown
 27360 | Zot:5    | Reached XP level 20. HP: 112/112 MP: 44/44
 27412 | Zot:5    | Noticed a Killer Klown
 27412 | Zot:5    | Noticed a Killer Klown
 27418 | Zot:5    | Killed a Killer Klown
 27423 | Zot:5    | Noticed an ancient lich
 27453 | Zot:5    | Reached skill level 3 in Air Magic
 27454 | Zot:5    | Killed a Killer Klown
 27486 | Zot:5    | Killed an ancient lich
 27513 | Zot:5    | Noticed a Killer Klown
 27514 | Zot:5    | Noticed an orb of fire
 27524 | Zot:5    | Noticed a Killer Klown
 27532 | Zot:5    | Gained mutation: You do not regenerate when monsters are
                  | visible. [an orb of fire]
 27544 | Zot:5    | Noticed a Killer Klown
 27553 | Zot:5    | Killed a Killer Klown
 27568 | Zot:5    | Killed a Killer Klown
 27569 | Zot:5    | Reached skill level 9 in Fighting
 27569 | Zot:5    | Killed an orb of fire
 27593 | Zot:5    | Killed a Killer Klown
 27657 | Zot:5    | Lost mutation: Armour fits poorly on your large pseudopods.
                  | [potion of mutation]
 27657 | Zot:5    | Lost mutation: Your system is resistant to poisons. (rPois)
                  | [potion of mutation]
 27657 | Zot:5    | Lost mutation: You are covered in slimy tendrils that may
                  | disarm your opponents. [potion of mutation]
 27658 | Zot:5    | Lost mutation: You expend magic power (3 MP) to strengthen
                  | your wands. [potion of mutation]
 27658 | Zot:5    | Lost mutation: Armour fits poorly on your pseudopods.
                  | [potion of mutation]
 27658 | Zot:5    | Lost mutation: You are mostly covered in iridescent scales.
                  | (AC +4) [potion of mutation]
 27658 | Zot:5    | Gained mutation: You expend magic power (3 MP) to
                  | strengthen your wands. [potion of mutation]
 28518 | Zot:2    | Noticed a golden dragon
 28717 | Zot:1    | Slain by a green draconian monk

Illustrated notes

Levels and vault maps discovered:
D:1:      psy_arrival_radial01, layout_basic, minmay_pentomino_p2
D:2:      layout_basic, shapermc_ecumenical_altar_gd
D:3:      layout_basic, minmay_crystal_water, uniq_ijyb
D:4:      layout_layer_cave
D:5:      layout_rooms, minmay_temple_entry_drinking_statues, serial_shops,
          nicolae_shop_tiny_glass, uniq_duvessa
D:6:      layout_cave_pods, mainiacjoe_overflow_small_starburst,
          uniq_crazy_yiuf_cottage, uniq_maggie
D:7:      layout_basic, nicolae_stop_n_shop_1
D:8:      layout_rooms, enter_bailey_2, uniq_psyche, uniq_erica, uniq_maurice
D:9:      nzn_winding_woodlands_medium [nzn_winding_woodlands_5x5_closed_star,
          nzn_winding_woodlands_5x15_pool, nzn_winding_woodlands_hourglass,
          nzn_winding_woodlands_5x5_perimeter,
          nzn_winding_woodlands_center_triple_pond,
          nzn_winding_woodlands_5x5_open_star, nzn_winding_woodlands_5x5_cross,
          nzn_winding_woodlands_5x15_lazy_stream,
          nzn_winding_woodlands_5x5_three], layout_basic,
          hellmonk_lair_entry_icy, minmay_fractal_squares_gapless_7
D:10:     layout_cave_pods, nicolae_overflows_in_rows, tgw_xom,
          nrook_pool_corridor, chequers_serial_rivers_small_3,
          minmay_protected_statue
D:11:     layout_roguey, david_orc_4, serial_shops,
          nicolae_shop_real_fake_doors, minmay_misc_feat_nine_boxes,
          nicolae_ashenzari_panopticon
D:12:     layout_roguey, hangedman_abyss_or_decor_stabs, kennysheep_another_room
D:13:     kennysheep_kobold_lugonu_temple, layout_irregular_city,
          pdpol_wu_jian_five_deadly_venoms, uniq_urug
D:14:     layout_basic, hangedman_vaults_entry_quadrant_bands,
          hangedman_decor_riveting
D:15:     gammafunk_depths_entry_grave, layout_irregular_city,
          kiku_gazebo_pond_becter, trog_ov_bears_minmay
Temple:   dpeg_chambers_temple
Lair:1:   layout_regular_city, portal_ice_cave_demonic_guard, uniq_amaemon
Lair:2:   layout_misc_corridors, spider_nest_entry_funnel_web
Lair:3:   layout_chaotic_city, minmay_swamp_entry_swarm, grunt_megastairs_3
Lair:4:   layout_regular_city, minmay_slime_entry_jelly_boxes, st_stairs_3,
          serial_bayou_shore_b, serial_bayou_shore_b, grunt_megastairs_5
Lair:5:   evil_forest, layout_gridlike
Swamp:1:  layout_basic_swamp, evilmike_swamp_ruin_house_6, swamp_pool_3,
          hangedman_swamp_pad, infiniplex_staircase_pool_2
Swamp:2:  layout_falls_marsh, evilmike_swamp_ruin_house_4, swamp_pool_1_2,
          cheibrodos_swamp_minitomb, nicolae_swamp_tree_isthmus
Swamp:3:  layout_falls_marsh, gammafunk_ghost_arena, evilmike_swamp_ruin_wall,
          nicolae_swamp_vermiculated
Swamp:4:  swamp_old_school, layout_basic_swamp, swamp_pool_5, grunt_hermit_hut
Spider:1: layout_spider_delve, nicolae_spider_circle_web,
          nicolae_spider_spiderdrome
Spider:2: layout_spider_delve, hangedman_spider_tarantella_strand, uniq_donald,
          uniq_agnes, uniq_louise
Spider:3: layout_spider_delve, uniq_nikola
Spider:4: grunt_spider_rune_circles, drop_trap
Slime:1:  layout_caves
Slime:2:  layout_caves, cheibrodos_slime_lost_civilization_6
Slime:3:  cheibrodos_slime_lost_civilization_10, layout_caves
Slime:4:  layout_caves, nicolae_slime_welcoming_committee
Slime:5:  slime_pit_nicolae_royal_road_to_ruin
Orc:1:    layout_caves, serial_shops, nicolae_shop_advertising_works
          [nicolae_subvault_shop_adworks], basic_altar
Orc:2:    st_orc_ogre_mass, layout_caves, serial_shops,
          nicolae_shop_pleasant_corner_grove,
          einodemon_armed_red_devil_minivault, uniq_rupert
Depths:1: layout_cave_pools, hell_entry, serial_bayou_pond_b,
          rand_demon_pan_entry_7, serial_shops, shop, shop, shop, shop,
          minmay_serpent_palace, firewood_loft, uniq_enchantress, uniq_asterion
Depths:2: minmay_expanding_squares, layout_cave_shapes, serial_library,
          serial_library_hellmonk_semicircle, serial_library_hellmonk_room_a,
          serial_library_hellmonk_secret_room,
          serial_library_hellmonk_recessed_alcove,
          serial_library_hellmonk_hallway_b, serial_library_hellmonk_room_b,
          serial_library_hellmonk_hallway_b, pf_hell_entry_tar_spiral,
          nicolae_hepliaklqana_hippocampus, pan_entry,
          nicolae_dithmenos_through_a_glass_darkly
Depths:3: minmay_curly_fans, layout_gridville, enter_ziggurat_e,
          grunt_mini_vestibule, grunt_decor_one_mirror, abyss_entry_flame_altar,
          nicolae_island_escapes, infiniplex_staircase_squiggle
Depths:4: evilmike_zot_entry_basic, layout_basic, pf_vacation_house_of_asmodeus,
          rand_demon_pan_entry_4, serial_shops, nicolae_shop_mannequins,
          good_gods_temple_1, st_stairs_2, nicolae_vehumet_altar_sigil,
          grunt_megastairs_4
Zot:1:    kennysheep_bubbly, layout_twisted_circle,
          hangedman_zot_decor_scrapings, lemuel_flame_loot_1
Zot:2:    layout_misc_corridors, gammafunk_ghost_mausoleum
Zot:3:    layout_onion, gammafunk_ghost_abyssal_escape, st_stairs_1,
          regret_index_zotdec_tunneler, nicolae_rock_paper_scissors
Zot:4:    layout_gridlike
Zot:5:    layout_twisted_circle, st_stairs_8

Skill      XL: |  1  2  3  4  5  6  7  8  9 10 11 12 13 14 15 16 17 18 19 20 |
---------------+-------------------------------------------------------------+-----
Stealth        | 2 3 6 10 11 | 11.0
Spellcasting   | 1 2 4 5 8 10 12 13 15 17 18 | 18.9
Evocations     | 2 3 5 |  5.0
Ice Magic      | 2 3 5 |  5.0
Summonings     | 2 3 5 6 9 10 12 | 12.0
Dodging        | 4 6 8 11 12 | 12.0
Fighting       | 2 6 7 8 11 | 11.2
Long Blades    | 5 6 7 |  7.1
Necromancy     | 2 10 12 14 18 19 20 23 26 27 | 27.0
Earth Magic    | 5 |  5.0
Translocations | 5 |  5.7
Shields        | 10 | 10.0
Air Magic      | 5 |  5.0
Staves         | |  3.0
Throwing       | |  2.0

Action                     |  1- 3 |  4- 6 |  7- 9 | 10-12 | 13-15 | 16-18 | 19-21 || total
---------------------------+-------+-------+-------+-------+-------+-------+-------++-------
  Melee: Quarterstaff      |    63 |   120 |    66 |       |       |       |       ||   249
         Short sword       |    38 |       |       |       |       |       |       ||    38
         Long sword        |       |       |    73 |   283 |   404 |   331 |   140 ||  1231
         Punch             |       |       |     1 |     3 |     9 |       |       ||    13
         Pseudopods        |       |       |       |       |    76 |   103 |    32 ||   211
         Bite              |       |       |       |       |       |    49 |    29 ||    78
  Throw: Javelin           |     2 |     2 |     9 |       |       |       |       ||    13
   Cast: Summon Ice Beast  |       |     2 |     8 |    51 |     2 |       |     1 ||    64
         Hailstorm         |       |       |       |    15 |     1 |       |       ||    16
         Borgnjor's Vile C |       |       |       |    79 |   144 |   134 |   105 ||   462
         Animate Dead      |       |       |       |     3 |     8 |    11 |       ||    22
         Haunt             |       |       |       |     2 |    31 |    54 |    79 ||   166
         Death Channel     |       |       |       |     1 |    19 |    17 |       ||    37
         Infestation       |       |       |       |       |       |    22 |     7 ||    29
 Invoke: Slimify           |       |       |       |       |       |     2 |       ||     2
         Oozemancy         |       |       |       |       |       |     1 |       ||     1
  Evoke: Wand              |     4 |     4 |     4 |     2 |       |     1 |    17 ||    32
         Lightning rod     |       |       |       |       |     4 |     2 |     7 ||    13
         Phial of floods   |       |       |       |       |       |       |     3 ||     3
    Use: Scroll            |       |       |       |       |       |    21 |     5 ||    26
         Potion            |       |       |       |       |       |     3 |    18 ||    21
   Stab: Sleeping          |     5 |     3 |     4 |     4 |     7 |     6 |     1 ||    30
         Confused          |       |       |     7 |       |       |       |       ||     7
         Distracted        |       |       |       |       |    11 |    13 |     3 ||    27
 Armour: Leather armour    |    52 |    85 |    89 |   246 |   366 |   218 |       ||  1056
         Acid dragon scale |       |       |       |       |       |    61 |   172 ||   233
  Dodge: Dodged            |    78 |   126 |   143 |   359 |   648 |   705 |   250 ||  2309
  Block: Kite shield       |       |       |       |       |       |       |   133 ||   133
         Reflection        |       |       |       |       |       |       |     2 ||     2
